AoeStats
← oreg5

Arabia

510333782Analyzed
1v1 RM · 2d ago on Sep 30, 2026· 43m 36s· 2 players
Game mode
Random Map
Map size
Tiny (2 player)
Population
200
Speed
Normal
Resources
Standard
Victory
Conquest
Starting age
Dark Age
Ending age
Imperial Age
RankedLock teamsTeams togetherTeam positionsShared explorationLock speedFull tech treeHidden civsTurbo modeCheats
Victory
Defeat
🇺🇸 Cumans · United States
799
+16
🇦🇷 Hindustanis · Argentina
790
-16
SoloLeandro
9:53 Loom
12:35 Feudal Age
oreg5
10:38 Feudal Age
10:02 Loom
12:35 Man-at-Arms
30:10 Forging
35:49 Castle Age
37:01 Town Watch
40:48 Town Patrol
43:42 Imperial Age
Connection lost

Rejoining the realm…

Still unreachable

The connection could not be restored.

Session expired

The server has moved on; the page needs a fresh start.